Map: Prion Terraces

Players

LilDicky - Winner!

  • Race: Terran Terran
  • League: Diamond

Sangchu

  • Race: Zerg Zerg
  • League: Diamond

VOD

http://www.twitch.tv/tumescentpie

Description

Time

  • Played on: Dec. 7, 2015, noon
  • Length: 3:11
Show
View Real Time Build Order
Export as new Build Order

LilDicky Terran - Winner!

Build Orders:  

Get SALT Encoding   

  12  0:01  SCV  
  13  0:13  SCV  
  14  0:18  Supply Depot  
  14  0:25  SCV  
  14  0:28  Refinery  
  15  0:40  SCV  
  16  0:45  Barracks  
  16  0:56  SCV  
  17  1:08  SCV  
  18  1:13  Refinery  
  18  1:20  SCV  
  19  1:32  SCV  
  20  1:33  Supply Depot, Marine  
  21  1:44  Orbital Command  
  21  1:52  Barracks Reactor  
  21  1:57  Factory  
  21  2:11  SCV  
  22  2:17  Supply Depot  
  22  2:23  SCV  
  23  2:31  Marine x2  
  23  2:35  SCV  
  26  2:43  Armory  
  26  2:45  Starport  
  26  2:46  Factory Tech Lab  
  26  2:48  Marine  
  26  2:49  Marine  
  27  2:59  Supply Depot  
Show
View Real Time Build Order
Export as new Build Order

Sangchu Zerg 

Build Orders: Pool Only 

Get SALT Encoding   

  12  0:01  Drone  
  13  0:11  Extractor  
  12  0:29  Drone, Spawning Pool  
  12  0:36  Drone  
  13  0:49  Overlord  
  13  0:54  Drone  
  14  1:15  Zergling x6  
  14  1:16  Metabolic Boost  
  17  1:26  Zergling x2  
  18  1:38  Baneling Nest  
  17  1:42  Zergling x2  
  18  1:51  Zergling x2  
  19  1:59  Zergling x2  
  20  2:01  Queen  
  22  2:10  Overlord  
  22  2:21  Baneling  
  22  2:22  Baneling x3  
  22  2:26  Baneling  
  22  2:28  Zergling x2  
  23  2:36  Zergling x2  
Tags
 
Add a new tag
Caveats
  • Supply blocks, unpowered buildings, or Contaminate may cause inaccurate times.
  • Supply counts are checked every 10 seconds.